 Dungeon Crawl Stone Soup version 0.17.1-3-g152610e (webtiles) character file.

10444 kaze the Blocker (level 11, -3/68 HPs)
             Began as a Gargoyle Berserker on Mar 26, 2016.
             Was a High Priest of Trog.
             Slain by a hill giant
             ... wielding a +0 giant club
              (27 damage)
             ... on level 11 of the Dungeon.
             The game lasted 00:26:15 (9646 turns).

kaze the Blocker (Gargoyle Berserker)               Turns: 9646, Time: 00:26:15

Health: -3/68      AC: 24    Str: 23    XL:     11   Next: 62%
Magic:  11/11      EV:  6    Int: 15    God:    Trog [*****.]
Gold:   704        SH: 21    Dex:  9    Spells: 0 memorised, 10 levels left

rFire  . . .     SeeInvis +     a - +7 Screaming Sword
rCold  . . .     Clarity  .     z - +0 plate armour
rNeg   + . .     SustAt   .     q - +3 large shield {reflect}
rPois  ∞         Gourm    .     I - +2 hat {SInv}
rElec  +         Spirit   .     (no cloak)
rCorr  .         Warding  .     (no gloves)
rMut   .         Stasis   .     i - +1 pair of boots {Stlth+}
MR     .....                    (no amulet)
Stlth  ..........               w - +2 ring of intelligence
                                r - +4 ring of intelligence

@: not resistant to hostile enchantments, extremely unstealthy
A: negative energy resistance 1, electricity resistance, unbreathing,
petrification resistance, rot immunity, AC +7
a: Berserk, Trog's Hand, Brothers in Arms, Burn Spellbooks, Renounce Religion


You were on level 11 of the Dungeon.
You worshipped Trog.
Trog was extremely pleased with you.
You were not hungry.

You visited 1 branch of the dungeon, and saw 11 of its levels.
You also visited: Sewer.

You collected 704 gold pieces.

Inventory:

Hand Weapons
 a - the +7 Screaming Sword (weapon)
   (You found it on level 7 of the Dungeon)
 b - a +1 triple crossbow of freezing
 F - a +3 morningstar
Missiles
 j - 5 silver javelins (quivered)
Armour
 i - a +1 pair of boots of stealth (worn)
 q - a +3 large shield of reflection (worn)
 z - a +0 plate armour (worn)
 G - the -2 hat of the Alchemist {rElec rPois rF+ rC+ rN+ MR+ rMut rCorr}
   (You found it on level 9 of the Dungeon)

   It protects you from fire.
   It protects you from cold.
   It insulates you from electricity.
   It protects you from poison.
   It protects you from negative energy.
   It affects your resistance to hostile enchantments.
   It protects you from acid and corrosion.
   It protects you from mutation.
 I - a +2 hat of see invisible (worn)
Jewellery
 r - a +4 ring of intelligence (left hand)
 u - an uncursed ring of stealth {unknown}
 w - a +2 ring of intelligence (right hand)
Wands
 v - a wand of lightning (10)
 y - a wand of flame (31)
 B - a wand of magic darts (18)
 D - a wand of flame (7)
 H - a wand of draining (9)
Scrolls
 c - a scroll of magic mapping
 e - 6 scrolls of remove curse
 k - 5 scrolls of teleportation
 m - a scroll of enchant weapon {unknown}
 p - 3 scrolls of recharging
 x - 2 scrolls of blinking
 E - 4 scrolls of identify
Potions
 d - a potion of heal wounds
 g - a potion of flight
 h - 2 potions of curing
 l - a potion of cure mutation
 t - 2 potions of agility
 C - a potion of might {unknown}
Miscellaneous
 A - a lantern of shadows
Comestibles
 f - 2 slices of pizza
 n - 9 meat rations
 o - 4 beef jerkies
 s - 18 fruits
 J - 2 bread rations


   Skills:
 + Level 8.2 Fighting
 + Level 5.7 Long Blades
   Level 4.1(4.8) Axes
 + Level 4.1(5.1) Maces & Flails
 + Level 0.1 Throwing
 + Level 6.9 Armour
 + Level 5.4 Dodging
 + Level 1.9 Stealth
 + Level 12.0 Shields


You had 10 spell levels left.
You didn't know any spells.

Dungeon Overview and Level Annotations

Branches:
Dungeon (11/15)            Temple (0/1) D:6            Lair (0/8) D:9
    Orc: D:9-12

Altars:
Ashenzari
Cheibriados
Dithmenos
Fedhas
Sif Muna
Zin

Shops:
D:8 }


Innate Abilities, Weirdness & Mutations

You are resistant to torment.
Your stone body is resilient (AC +7).
You are immune to poison.
You resist negative energy.
You are resistant to electric shocks.
You can survive without breathing.
You are immune to petrification.
You are immune to rotting.


Message History

Found a stone staircase leading up.
You now have 698 gold pieces (gained 11).
You now have 704 gold pieces (gained 6).
A hill giant comes into view. It is wielding a giant club.
The hill giant moves out of view.
The hill giant is too close now for your liking.
You hit the hill giant.
The hill giant is lightly wounded.
The hill giant hits you with a giant club!
The hill giant hits you with a giant club!!
You slash the hill giant!
The hill giant is moderately wounded.
You block the hill giant's attack.
You slice the hill giant!!
The hill giant is severely wounded.
You block the hill giant's attack.
You slash the hill giant!
The hill giant is severely wounded.
The hill giant hits you with a giant club!!
You die...

#.......#
.......####
#.....<.####...
#............# #
##.##.##.######
#.#.#...##.#
#.......##.#
####.##.##.######
#@...........#
#...C...##......#
#
#.##.##.##......#
# # #....##......#
# #.# .##......# #
#.# ##......## #
..............# #
#.#####.##.#..####
#. #........


You could see a hill giant.

Vanquished Creatures
  A hydra (D:9)
  A hill giant (D:11)
  Pikel (D:8)
  A manticore (D:11)
  A kobold demonologist (D:11)
  2 two-headed ogres
  A wraith (D:10)
  2 deep elf magi (D:9)
  2 wyverns
  2 yaks (D:9)
  3 hippogriffs
  Edmund (D:4)
  3 wargs (D:9)
  A swamp drake (D:9)
  4 black bears
  A necrophage (D:7)
  A phantom (D:10)
  Purgy (Sewer)
  3 orc warriors
  3 centaurs
  2 ice beasts
  2 ogres
  6 sky beasts
  2 crocodiles
  6 big kobolds
  9 giant frogs
  4 scorpions
  A wyvern skeleton (D:10)
  2 water moccasin skeletons
  4 wights (D:11)
  6 crimson imps
  A centaur zombie (D:5)
  2 jellies
  4 orc priests
  An iron imp (D:9)
  7 hounds
  2 centaur skeletons
  8 orc wizards
  2 giant frog zombies
  4 giant frog skeletons
  4 iguanas
  7 worker ants
  2 sheep (D:9)
  2 hound zombies
  2 hound skeletons
  11 adders
  12 gnolls
  3 worker ant zombies
  8 shadow imps
  A white imp (D:9)
  An ooze (D:2)
  2 adder skeletons
  A worm (D:2)
  12 giant geckos
  27 orcs
  2 ball pythons
  9 giant cockroaches
  7 hobgoblins
  7 jackals
  8 quokkas
  11 bats
  2 giant newts
  5 goblins
  A jackal skeleton (D:4)
  10 kobolds
  2 quokka skeletons
  A quokka zombie (D:7)
  7 rats
277 creatures vanquished.

Vanquished Creatures (others)
  A centaur (D:6)
  An orc wizard (D:6)
  A worker ant (D:7)
  A rat (D:3)
4 creatures vanquished.

Grand Total: 281 creatures vanquished

Notes
Turn   | Place    | Note
--------------------------------------------------------------
     0 | D:1      | kaze the Gargoyle Berserker began the quest for the Orb.
     0 | D:1      | Reached XP level 1. HP: 14/14 MP: 1/1
   118 | D:1      | Reached XP level 2. HP: 8/19 MP: 2/2
   740 | D:1      | Reached XP level 3. HP: 24/24 MP: 3/3
  1432 | D:2      | Found a snail-covered altar of Cheibriados.
  1518 | D:2      | Reached ** piety under Trog
  1609 | D:2      | Reached XP level 4. HP: 16/29 MP: 4/4
  2825 | D:4      | Reached XP level 5. HP: 29/33 MP: 5/5
  2957 | D:4      | Reached skill level 1 in Stealth
  3136 | D:4      | Reached skill level 4 in Fighting
  3136 | D:4      | Reached skill level 1 in Shields
  3136 | D:4      | Reached XP level 6. HP: 31/38 MP: 6/6
  3147 | D:4      | Found a glowing drain.
  3153 | D:4      | Reached *** piety under Trog
  3157 | D:4      | Reached skill level 1 in Axes
  3171 | Sewer    | Entered a sewer
  3254 | Sewer    | Noticed Purgy
  3265 | Sewer    | Killed Purgy
  3491 | D:4      | Reached XP level 7. HP: 41/44 MP: 7/7
  3498 | D:4      | Noticed Edmund
  3531 | D:4      | Killed Edmund
  3640 | D:5      | Entered Level 5 of the Dungeon
  4286 | D:6      | Reached XP level 8. HP: 44/48 MP: 8/8
  4377 | D:6      | Reached skill level 5 in Fighting
  4377 | D:6      | Reached skill level 5 in Shields
  4410 | D:6      | Reached **** piety under Trog
  4482 | D:6      | Found a staircase to the Ecumenical Temple.
  4563 | D:6      | Reached skill level 6 in Shields
  5055 | D:7      | Reached XP level 9. HP: 54/54 MP: 9/9
  5058 | D:7      | Reached skill level 7 in Shields
  5197 | D:7      | Reached skill level 5 in Armour
  5759 | D:7      | Reached skill level 8 in Shields
  5794 | D:7      | Reached skill level 1 in Long Blades
  5852 | D:7      | Gained mutation: Your muscles are strong. (Str +2) [mutagenic meat]
  5853 | D:7      | Gained mutation: You are occasionally teleported next to monsters. [mutagenic meat]
  5854 | D:7      | Gained mutation: You have sharp toenails. [mutagenic meat]
  5855 | D:7      | Gained mutation: Scrolls take you a little longer to read. [mutagenic meat]
  5857 | D:7      | Gained mutation: You have razor-sharp toenails. [mutagenic meat]
  5868 | D:7      | Lost mutation: You are occasionally teleported next to monsters. [potion of cure mutation]
  5868 | D:7      | Lost mutation: Scrolls take you a little longer to read. [potion of cure mutation]
  5868 | D:7      | Lost mutation: You have razor-sharp toenails. [potion of cure mutation]
  5868 | D:7      | Lost mutation: Your muscles are strong. (Str +2) [potion of cure mutation]
  5868 | D:7      | Lost mutation: You have sharp toenails. [potion of cure mutation]
  6081 | D:7      | Got a polished helmet
  6087 | D:7      | Identified the cursed +0 helmet of Shadows and Fog {+Inv rC- MR++ Slay-5} (You found it on level 7 of the Dungeon)
  6091 | D:7      | Received a gift from Trog
  6394 | D:8      | Reached skill level 9 in Shields
  6410 | D:8      | Found a glowing silver altar of Zin.
  6410 | D:8      | Found a shattered altar of Ashenzari.
  6414 | D:8      | Found a shadowy altar of Dithmenos.
  6415 | D:8      | Found a deep blue altar of Sif Muna.
  6416 | D:8      | Found a blossoming altar of Fedhas.
  6423 | D:8      | Reached skill level 5 in Dodging
  6423 | D:8      | Reached XP level 10. HP: 59/61 MP: 10/10
  6709 | D:8      | Found Abbuzog's Gadget Emporium.
  6812 | D:8      | Noticed Pikel
  6821 | D:8      | Killed Pikel
  7371 | D:9      | Found a staircase to the Lair.
  7394 | D:9      | Reached skill level 10 in Shields
  7762 | D:9      | Reached ***** piety under Trog
  7920 | D:9      | Received a gift from Trog
  7936 | D:9      | Got a distressingly furry ring mail
  7951 | D:9      | Noticed a two-headed hydra
  7965 | D:9      | Killed a ten-headed hydra
  7965 | D:9      | Reached skill level 11 in Shields
  7965 | D:9      | Reached XP level 11. HP: 19/68 MP: 11/11
  8424 | D:9      | Identified the +0 ring mail of Vuol Can {rN+ Slay+2} (You found it on level 9 of the Dungeon)
  8694 | D:10     | Entered Level 10 of the Dungeon
  8850 | D:10     | Reached skill level 5 in Long Blades
  9250 | D:11     | Received a gift from Trog
  9611 | D:11     | Noticed a hill giant
  9615 | D:11     | Killed a hill giant
  9615 | D:11     | Reached skill level 12 in Shields
  9640 | D:11     | Noticed a hill giant
  9646 | D:11     | Slain by a hill giant

Action                   |  1- 3 |  4- 6 |  7- 9 | 10-12 || total
-------------------------+-------+-------+-------+-------++-------
Melee: Mace              |   106 |    53 |       |       ||   159
       Hand axe          |       |   161 |   349 |       ||   510
       Flail             |       |       |    66 |       ||    66
       Double sword      |       |       |    75 |   405 ||   480
Throw: Javelin           |       |       |       |     3 ||     3
Invok: Berserk           |     2 |     1 |     2 |     3 ||     8
       Trog's Hand       |       |     1 |     1 |     2 ||     4
       Burn Spellbooks   |       |       |       |     2 ||     2
  Use: Scroll            |       |     6 |     8 |     4 ||    18
       Potion            |       |       |    11 |       ||    11
 Stab: Sleeping          |       |     1 |       |       ||     1
  Eat: Bread ration      |     1 |     2 |     1 |     2 ||     6
       Chunk             |       |     1 |    10 |     2 ||    13
       Pizza             |       |       |     1 |     4 ||     5
       Beef jerky        |       |       |     1 |       ||     1
       Fruit             |       |       |       |     3 ||     3
